 Dungeon Crawl Stone Soup version 0.23.1 (webtiles) character file.

Game seed: 6977864854658208957

107 Borgoz the Sneak (level 4, -3/35 HPs)
             Began as a Ghoul Enchanter on Mar 9, 2019.
             Slain by a goblin (4 damage)
             ... led by Robin
             ... on level 3 of the Dungeon.
             The game lasted 00:03:45 (1786 turns).

Borgoz the Sneak (Ghoul Enchanter)                  Turns: 1786, Time: 00:03:47

Health: -3/35      AC:  7    Str: 11    XL:     4   Next: 86%
Magic:  5/5        EV: 12    Int: 10    God:
Gold:   51         SH:  0    Dex: 10    Spells: 3/6 levels left

rFire    . . .     SeeInvis .   a - +2 dagger
rCold    + . .     Gourm    .   (no shield)
rNeg     + + +     Faith    .   b - +0 robe
rPois    ∞         Spirit   .   (no helmet)
rElec    .         Reflect  .   i - +1 cloak
rCorr    .         Harm     .   f - +2 pair of gloves
MR       .....                  (no boots)
Stlth    ++........             (no amulet)
HPRegen  0.00/turn              (no ring)
MPRegen  0.09/turn              (no ring)

@: rotting
A: rotting body, claws 1, carnivore, cold resistance 1, negative energy
resistance 3, inhibited regeneration, torment resistance, unbreathing
a: no special abilities


You were on level 3 of the Dungeon.
You were not hungry.

You visited 1 branch of the dungeon, and saw 3 of its levels.

You collected 51 gold pieces.

Inventory:

Hand Weapons
 a - a +2 dagger (weapon)
Armour
 b - a +0 robe (worn)
 f - a +2 pair of gloves (worn)
 i - a +1 cloak (worn)
Scrolls
 e - 2 scrolls of identify
 h - 2 scrolls of blinking
Potions
 g - a potion of might
 j - a potion of curing {unknown}
Comestibles
 c - 5 chunks of flesh
 d - 2 rations


   Skills:
 + Level 1.3 Fighting
 * Level 2.1 Short Blades
 * Level 1.6 Armour
 * Level 2.6 Dodging
 + Level 3.7 Stealth
 - Level 1.7 Spellcasting
 - Level 2.4 Hexes


You had 3 spell levels left.
You knew the following spells:

 Your Spells              Type           Power        Failure   Level  Hunger
a - Corona                Hex            #......      12%         1    ##.....
b - Ensorcelled Hibernat  Hex/Ice        #.....       30%         2    ###....

Your spell library contained the following spells:

 Spells                   Type           Power        Failure   Level  Hunger
 Confuse                  Hex            #.......     34%         3    ####...
 Tukima's Dance           Hex            #.......     34%         3    ####...
 Dazzling Spray           Conj/Hex       #.....       52%         3    ####...


Dungeon Overview and Level Annotations

Branches:
Dungeon (3/15)

Altars:
Makhleb
Nemelex Xobeh

Annotations:
D:3 Robin


Innate Abilities, Weirdness & Mutations

Your body is rotting away.
You thrive on raw meat.
You are immune to poison.
You have sharp fingernails.
You are carnivorous and can eat meat at any time.
Your flesh is cold resistant. (rC+)
You are immune to negative energy. (rN+++)
You do not regenerate when monsters are visible.
You are immune to unholy pain and torment.
You can survive without breathing.


Message History

You hit the goblin.
You kill the goblin!
The orc hits you with a +0 war axe! The goblin hits you but does no damage.
A goblin comes into view. It is wielding a +0 dagger.
Robin throws the goblin at you! The orc hits you with a +0 war axe.
* * * LOW HITPOINT WARNING * * *
The goblin closely misses you.
You closely miss the goblin.
The goblin unwields a +3 hunting sling.
The goblin wields a +0 dagger.
The goblin hits you but does no damage. Robin throws the goblin at you!
* * * LOW HITPOINT WARNING * * *
You hit the goblin.
You kill the goblin!
The orc hits you with a +0 war axe.
* * * LOW HITPOINT WARNING * * *
The goblin hits you with a +0 club.
* * * LOW HITPOINT WARNING * * *
The goblin misses you. The goblin hits you.
You die...

##### #..... ##....
...o. ...#% ..o#
..g#g..# #....# #
#.#o# ###.###g#.#
......ggog## .#
#.....g@g..##.#
.#.####g)...#.# #
#...(....#
#........#
#..÷....##
..####.....##
.....(....#######..
..####..........#.#
##)#######.#.#


You could see Robin, 2 orcs and 8 goblins.

Vanquished Creatures
  5 adders
  2 dart slugs
  A leopard gecko (D:1)
  A ball python (D:1)
  7 bats
  A giant cockroach (D:2)
  7 goblins
  7 hobgoblins
  4 jackals
  2 quokkas (D:2)
  5 frilled lizards
  10 kobolds
  6 rats
58 creatures vanquished.

Notes
Turn   | Place    | Note
-------+----------+-------------------------------------------
     0 | D:1      | Borgoz the Ghoul Enchanter began the quest for the Orb.
     0 | D:1      | Reached XP level 1. HP: 14/14 MP: 2/2
    51 | D:1      | Reached skill level 1 in Short Blades
   108 | D:1      | Reached XP level 2. HP: 13/22 MP: 3/3
   407 | D:1      | Reached skill level 1 in Armour
   407 | D:1      | Reached XP level 3. HP: 23/27 MP: 4/4
   807 | D:2      | Learned a level 2 spell: Ensorcelled Hibernation
  1048 | D:2      | Found a sparkling altar of Nemelex Xobeh.
  1084 | D:2      | Reached skill level 1 in Fighting
  1084 | D:2      | Reached XP level 4. HP: 25/35 MP: 0/5
  1597 | D:3      | Found a burning altar of Makhleb.
  1778 | D:3      | Identified the +0 helmet "Yleinef" {rPois Stlth+}
  1778 | D:3      | Noticed Robin
  1786 | D:3      | HP: 1/35 [goblin/+0 club[Robin] (1)]
  1786 | D:3      | Slain by a goblin

Skill      XL: |  1  2  3  4 |
---------------+-------------+-----
Short Blades   | 1 2 |  2.1
Dodging        | 2 |  2.6
Armour         | 1 |  1.6
Fighting       | 1 |  1.3
Stealth        | |  3.7
Spellcasting   | |  1.7
Hexes          | |  2.4

Action                   |  1- 3 |  4- 6 || total
-------------------------+-------+-------++-------
Melee: Dagger            |   142 |   101 ||   243
 Cast: Ensorcelled Hiber |     1 |     1 ||     2
  Use: Scroll            |     5 |     2 ||     7
       Potion            |     2 |       ||     2
 Stab: Sleeping          |     6 |     1 ||     7
       Distracted        |     1 |       ||     1
  Eat: Chunk             |    10 |     5 ||    15
Armor: Robe              |    31 |    54 ||    85
Dodge: Dodged            |   102 |    57 ||   159
